 Dungeon Crawl Stone Soup version 0.26.1-11-gd32895ea62 (webtiles) character file.

Game seed: 14250327165127927914

344 dtburroughs the Chopper (level 6, 0/56 HPs)
             Began as a Minotaur Berserker on June 30, 2021.
             Was a Believer of Trog.
             Slain by a yak (12 damage)
             ... on level 4 of the Dungeon on July 1, 2021.
             The game lasted 00:04:30 (3842 turns).

dtburroughs the Chopper (Minotaur Berserker)        Turns: 3842, Time: 00:04:31

Health: 0/56       AC:  9    Str: 22    XL:     6   Next: 31%
Magic:  5/5        EV:  9    Int:  6    God:    Trog [**....]
Gold:   296        SH:  0    Dex:  9    Spells: 5/5 levels left

rFire    . . .     SeeInvis .   q - +0 war axe
rCold    . . .     Faith    .   (no shield)
rNeg     . . .     Spirit   .   r - +0 chain mail
rPois    .         Reflect  .   (helmet restricted)
rElec    .         Harm     .   (no cloak)
rCorr    .         Rampage  .   (no gloves)
Will     .....                  (no boots)
Stlth    ..........             (no amulet)
HPRegen  0.18/turn              (no ring)
MPRegen  0.09/turn              (no ring)

@: no status effects
A: retaliatory headbutt, horns 2
a: Renounce Religion, Berserk, Trog's Hand


You were on level 4 of the Dungeon.
You worshipped Trog.
Trog was pleased with you.
You visited 1 branch of the dungeon, and saw 4 of its levels.

You collected 296 gold pieces.

Inventory:

Hand Weapons
 q - a +0 war axe (weapon)
Armour
 r - a +0 chain mail (worn)
Wands
 b - a wand of disintegration (12)
Scrolls
 d - 2 scrolls of remove curse {unknown}
 f - 4 scrolls of enchant weapon {unknown}
 h - 8 scrolls of identify {unknown}
 j - 5 scrolls of fear {unknown}
 l - a scroll of blinking {unknown}
 o - a scroll of teleportation {unknown}
Potions
 a - a potion of heal wounds
 c - 2 potions of lignification {unknown}
 e - a potion of resistance {unknown}
 g - 2 potions of attraction {unknown}
 i - 2 potions of might {unknown}
 k - a potion of mutation {unknown}
 m - a potion of brilliance {unknown}
 n - 3 potions of curing {unknown}
 p - a potion of berserk rage {unknown}


   Skills:
 + Level 5.2 Fighting
 + Level 5.3 Axes
 + Level 4.5 Armour
 + Level 4.0 Dodging


You had 5 spell levels left.
You didn't know any spells.
Your spell library was empty.

Dungeon Overview and Level Annotations

Branches:
Dungeon (4/15)             Temple (0/1) D:4

Altars:
Ashenzari
Kikubaaqudgha
The Shining One


Innate Abilities, Weirdness & Mutations

You reflexively headbutt those who attack you in melee.
You have a pair of horns on your head.


Message History

You hit the yak.
The yak is lightly wounded.
You hit the yak but do no damage. x2; The yak barely misses you. x2
You furiously retaliate!
You headbutt the yak. The yak gores you but does no damage.
The yak barely misses you. You furiously retaliate!
You headbutt the yak. The yak closely misses you.
You hit the yak. Your headbutt misses the yak.
The yak is moderately wounded.
You slash the yak! You hit the yak. The yak gores you!
You slash the yak!
The yak is almost dead.
You hit the yak. You barely miss the yak. The yak gores you but does no damage.
The yak gores you!
You hit the yak.
You kill the yak!
Trog accepts your kill.
You hit the yak. You barely miss the yak. The yak gores you!
* * * LOW HITPOINT WARNING * * *
The yak gores you!
You die...

. ####+## ......#
......# ......#
.###+#### ......#
........#
#.##.#######....Y#
#.##.###..##..YYY#
'.........######@#
#.........†....†.#
#...[..........(.#
#...###...##.<...#
#...###...##.....#
.....#.....#.....#
.....#.....+.....#
##################


You could see 4 yaks.

Vanquished Creatures
  A yak (D:4)
  An ogre (D:3)
  An orc priest (D:3)
  A hound (D:4)
  2 worker ants (D:4)
  A worker ant zombie (D:2)
  5 adders
  An ooze (D:3)
  2 worms (D:2)
  A dart slug (D:1)
  6 leopard geckos
  10 orcs
  4 giant cockroaches
  10 goblins
  7 hobgoblins
  2 jackals (D:4)
  6 quokkas
  A ball python (D:2)
  8 bats
  A frilled lizard (D:2)
  6 kobolds
  3 rats
80 creatures vanquished.

Notes
Turn   | Place    | Note
-------+----------+-------------------------------------------
     0 | D:1      | dtburroughs the Minotaur Berserker began the quest for the
                  | Orb.
     0 | D:1      | Reached XP level 1. HP: 19/19 MP: 0/0
   165 | D:1      | Reached XP level 2. HP: 17/27 MP: 1/1
  1301 | D:2      | Reached XP level 3. HP: 23/33 MP: 2/2
  1651 | D:2      | Found a broken altar of Ashenzari.
  1702 | D:2      | Found an ancient bone altar of Kikubaaqudgha.
  1873 | D:2      | Found a glowing golden altar of the Shining One.
  2023 | D:2      | Reached ** piety under Trog
  2199 | D:2      | Reached XP level 4. HP: 40/40 MP: 3/3
  2970 | D:3      | Reached XP level 5. HP: 42/47 MP: 4/4
  3122 | D:3      | Noticed an ogre
  3128 | D:3      | Killed an ogre
  3129 | D:3      | Reached skill level 5 in Fighting
  3129 | D:3      | Reached skill level 5 in Axes
  3451 | D:4      | Found a staircase to the Ecumenical Temple.
  3456 | D:4      | Reached XP level 6. HP: 42/56 MP: 5/5
  3835 | D:4      | Noticed a yak
  3835 | D:4      | Noticed a yak
  3838 | D:4      | Noticed a yak
  3838 | D:4      | Noticed a yak
  3838 | D:4      | Noticed a yak
  3842 | D:4      | Killed a yak
  3842 | D:4      | Slain by a yak

Illustrated notes

Levels and vault maps discovered:
D:1:      dpeg_arrival_rooms_b, layout_basic
D:2:      layout_loops_ring, lemuel_crystal_altar, general_overflow_altar,
          evilmike_ruin_ashenzari, minmay_tripent
D:3:      minmay_bubble_buster, layout_basic
D:4:      layout_gridville, minmay_temple_entry_glass, minmay_shop_mayhem,
          uniq_robin

Skill      XL: |  1  2  3  4  5  6 |
---------------+-------------------+-----
Fighting       | 4 5 |  5.2
Axes           | 4 5 |  5.3
Armour         | 3 4 |  4.5
Dodging        | 3 4 |  4.0

Action                   |  1- 3 |  4- 6 || total
-------------------------+-------+-------++-------
Melee: Hand axe          |    75 |    25 ||   100
       Headbutt          |     9 |    13 ||    22
       War axe           |       |    69 ||    69
Invok: Berserk           |       |     1 ||     1
       Trog's Hand       |       |     1 ||     1
 Stab: Sleeping          |     1 |       ||     1
Armor: Animal skin       |    20 |     1 ||    21
       Chain mail        |       |    42 ||    42
Dodge: Dodged            |    50 |    54 ||   104
